 Dungeon Crawl Stone Soup version 0.31-a0-365-gcf821cafb2 (webtiles) character file.

Game seed: 2601882436699543610

22 drugrobin the Sneak (level 2, -5/25 HPs)
             Began as a Demigod Delver on July 28, 2023.
             Slain by a river rat (7 damage)
             ... in a sewer.
             The game lasted 00:03:44 (478 turns).

drugrobin the Sneak (Demigod Delver)                 Turns: 478, Time: 00:03:44

Health: -5/25      AC:  5    Str: 13    XL:     2   Next: 51%
Magic:  4/4        EV: 11    Int: 12    God:
Gold:   0          SH:  0    Dex: 15    Spells: 1/1 levels left

rFire   . . .        a - +0 hand axe
rCold   . . .        (no shield)
rNeg    . . .        b - +0 leather armour
rPois   .            m - +1 helmet
rElec   .            (no cloak)
rCorr   .            (no gloves)
SInv    .            (no boots)
Will    .....        (no amulet)
Stlth   +++          (no ring)
HPRegen 0.24/turn    (no ring)
MPRegen 0.09/turn

%: no passive effects
@: hasted, very quick
A: high MP 1, forlorn, divine attributes
a: no special abilities


You were in a sewer.
You visited 1 branch of the dungeon, and saw 4 of its levels.
You also visited: Sewer.

Inventory:

Hand Weapons
 a - a +0 hand axe (weapon)
Armour
 b - a +0 leather armour (worn)
 m - a +1 helmet (worn)
Magical Staves
 l - a staff of conjuration
Wands
 g - a wand of digging (3)
Scrolls
 c - a scroll of fog
 d - a scroll of revelation
 e - a scroll of fear
 i - a scroll of poison {unknown}
 k - 2 scrolls of teleportation {unknown}
Potions
 n - a potion of degeneration {unknown}


   Skills:
 - Level 2.6 Fighting
 + Level 3.0 Axes
 - Level 1.7 Dodging
 - Level 4.5 Stealth


You had one spell level left.
You didn't know any spells.
Your spell library was empty.

Dungeon Overview and Level Annotations

Branches:
Dungeon (5/15)              Sewer (1/1)
 Temple: D:4-7

Shops:
D:2 *

Annotations:
D:3 Ijyb


Innate Abilities, Weirdness & Mutations

You have an increased reservoir of magic. (+10% MP)
You shall have no god before yourself.
Your divine heritage dramatically boosts your attributes as you level up.


Message History

The river rat closely misses you.
You closely miss the river rat.
The river rat is moderately wounded.
The river rat closely misses you.
You closely miss the river rat.
The river rat is moderately wounded.
The river rat barely misses you.
You hit the river rat but do no damage.
The river rat is moderately wounded.
The river rat bites you.
You barely miss the river rat.
The river rat is moderately wounded.
You barely miss the river rat.
The river rat is moderately wounded.
You barely miss the rat.
The river rat bites you but does no damage.
You barely miss the river rat.
The river rat is moderately wounded.
You hit the rat.
You kill the rat!
The river rat bites you!
* * * LOW HITPOINT WARNING * * *
You hit the river rat but do no damage.
The river rat is moderately wounded.
The river rat misses you.
You hit the river rat.
The river rat is heavily wounded.
You closely miss the river rat.
The river rat is heavily wounded.
The river rat closely misses you.
You hit the river rat.
The river rat is severely wounded.
The river rat bites you.
* * * LOW HITPOINT WARNING * * *
Unknown command.
Unknown command.
You closely miss the river rat.
The river rat is severely wounded.
The river rat bites you!
You die...

# ## .# .# #.#.# ##r# #.#.#
~###############################
~..~~.~~...~.~.~~..~......†.~.∩#
~~...~...~~~~~~r@~~.....~.~.~.∩#
################################


You could see a river rat.

Vanquished Creatures
  An adder (Sewer)
  An endoplasm (D:2)
  A goblin (D:2)
  2 hobgoblins (D:2)
  2 kobolds
  A quokka (D:4)
  2 ball pythons
  2 bats
  A rat (Sewer)
13 creatures vanquished.

Notes
Turn   | Place    | Note
-------+----------+-------------------------------------------
     0 | D:5      | drugrobin the Demigod Delver began the quest for the Orb.
     0 | D:5      | Reached XP level 1. HP: 18/18 MP: 3/3
   106 | D:3      | Noticed Ijyb
   182 | D:2      | Found Uzxaah's Assorted Antiques.
   186 | D:2      | Reached XP level 2. HP: 23/25 MP: 4/4
   354 | D:3      | Found a glowing drain.
   359 | Sewer    | Entered a sewer
   477 | Sewer    | HP: 1/25 [river rat (6)]
   478 | Sewer    | Slain by a river rat

Illustrated notes

Levels and vault maps discovered:
D:2:      layout_loops_ring, serial_shops, shop, nicolae_shop_rolling_square,
          nicolae_shop_peninsula, basic_altar, corexii_leaking_fountain,
          hangedman_glass_teeth
D:3:      layout_basic, lightli_sewer_entry_pipes, minmay_unequal, uniq_ijyb,
          uniq_natasha, uniq_jessica
D:4:      layout_loops_ring, minmay_temple_entry_wispy,
          gammafunk_ghost_mausoleum, corexii_shack, chequers_serial_rivers_marsh
D:5:      layout_loops_corners, nzn_overflow_gifts_of_might_and_magic,
          hangedman_minor_gate_pass
Sewer:    sewer_co_cracked_pipes

Skill      XL: |  1  2 |
---------------+-------+-----
Axes           | 2 3 |  3.0
Fighting       | |  2.6
Dodging        | |  1.7
Stealth        | |  4.5

Action                     || total
---------------------------++-------
  Melee: Hand axe          ||    53
    Use: Potion            ||     3
   Stab: Sleeping          ||     5
 Armour: Leather armour    ||    14
  Dodge: Dodged            ||    22

Table legend: (Time is in decaauts)
 A = Elapsed time spent in this place.
 B = Non-inter-level travel time spent in this place.
 C = Inter-level travel time spent in this place.
 D = Time resting spent in this place.
 E = Time spent auto-exploring this place.
 F = Levels seen in this place.
 G = Mean time per level.
                   A        B        C        D        E       F      G
               +--------+--------+--------+--------+--------+-----+--------+
         Total |    493 |    480 |     13 |     22 |     25 |   5 |   98.6 |
       Dungeon |    371 |    358 |     13 |      0 |      0 |   4 |   92.8 |
         Sewer |    121 |    121 |      0 |     22 |     25 |   1 |  121.0 |
               +--------+--------+--------+--------+--------+-----+--------+

Top non-repeatable levels by time:
     D:3: 144 daAuts
     D:2: 140 daAuts
   Sewer: 121 daAuts
     D:5: 75 daAuts
     D:4: 12 daAuts
